 Dungeon Crawl Stone Soup version 0.28-a0-1382-g92835e5 (webtiles) character file.

Game seed: 15299341282492447414

47 Dorkslayer the Ducker (level 3, 0/26 HPs)
             Began as an Octopode Fighter on Jan 1, 2022.
             Slain by a goblin (6 damage)
             ... led by Robin
             ... on level 2 of the Dungeon.
             The game lasted 00:03:54 (1433 turns).

Dorkslayer the Ducker (Octopode Fighter)            Turns: 1433, Time: 00:03:55

Health: 0/26       AC:  1    Str: 17    XL:     3   Next: 70%
Magic:  3/3        EV: 13    Int: 10    God:
Gold:   37         SH:  4    Dex: 11    Spells: 2/2 levels left

rFire   . . .      SeeInvis .   a - +0 long sword
rCold   . . .      Faith    .   b - +0 buckler
rNeg    . . .      Spirit   .   (helmet restricted)
rPois   .          Reflect  .   (no amulet)
rElec   .          Harm     .   (no ring)
rCorr   .          Rampage  .   (no ring)
Will    .....                   (no ring)
Stlth   +++.......              (no ring)
HPRegen 0.08/turn               (no ring)
MPRegen 0.08/turn               (no ring)
                                (no ring)
                                (no ring)

@: mighty
A: almost no armour, amphibious, 8 rings, camouflage 1, gelatinous body 1,
(nimble swimmer 1), tentacles
a: no special abilities


You were on level 2 of the Dungeon.
You visited 1 branch of the dungeon, and saw 2 of its levels.

You collected 37 gold pieces.

Inventory:

Hand Weapons
 a - a +0 long sword (weapon)
Armour
 b - a +0 buckler (worn)
Wands
 m - a wand of digging (6)
Scrolls
 d - a scroll of holy word {unknown}
 e - 3 scrolls of teleportation {unknown}
 f - a scroll of identify {unknown}
 g - a scroll of fog {unknown}
 h - a scroll of enchant armour {unknown}
 i - a scroll of amnesia {unknown}
Potions
 j - 2 potions of brilliance {unknown}
 l - a potion of heal wounds {unknown}


   Skills:
 + Level 3.2 Fighting
 + Level 2.3 Long Blades
 * Level 0.6 Throwing
 + Level 3.4 Dodging
 + Level 1.2 Stealth
 + Level 3.3 Shields
 * Level 0.4 Evocations


You had 2 spell levels left.
You didn't know any spells.
Your spell library contained the following spells:

 Spells                   Type           Power      Damage    Failure   Level
 Sublimation of Blood     Necr           0%         N/A       52%         2
 Ignite Poison            Fire/Tmut/Pois 0%         N/A       77%         3
 Mephitic Cloud           Conj/Pois/Air  0%         N/A       77%         3
 Petrify                  Tmut/Erth      0%         N/A       99%         4
 Freezing Cloud           Conj/Ice/Air   0%         6-21      100%        5
 Irradiate                Conj/Tmut      0%         3d13      100%        5


Dungeon Overview and Level Annotations

Branches:
Dungeon (2/15)

Altars:

Shops:
D:1 (

Annotations:
D:2 Robin


Innate Abilities, Weirdness & Mutations

You cannot wear most types of armour.
You are amphibious.
You can wear up to eight rings at the same time.
Your skin changes colour to match your surroundings (Stealth+).
Your rubbery body absorbs attacks. (AC +1, EV +1)
((You are camouflaged when in or above water. (Stealth+)))
You have tentacles for arms and can constrict up to eight enemies at once.


Message History

Press: ? - help, Q - select action Shift-Dir - straight line, f - Robin
Aim: Robin, wielding a +0 spear, wearing a +0 animal skin and wearing a +0 helmet (wandering, hasn't noticed you, 64% to hit)
You throw a curare-tipped dart. The curare-tipped dart hits the goblin.
The goblin is poisoned.
The goblin convulses.
You kill the goblin!
The goblin shouts! x3
A hobgoblin comes into view.
The goblin shoots a stone.
The stone closely misses you.
Robin says, "Bow before me, strongest of all the hobgoblins!"
Robin throws the goblin at you! The goblin barely misses you.
A hobgoblin comes into view.
The goblin shoots a stone.
The stone misses you. Robin throws the goblin at you!
The goblin completely misses you. The goblin closely misses you.
A goblin comes into view. It is wielding a +0 dagger.
You open the door.
The goblin shoots a stone.
The stone hits you. The goblin hits you with a +0 dagger.
The goblin hits you with a +0 club.
Robin roars a battlecry!
The goblins go into a battle-frenzy!
The goblin hits you with a +0 dagger.
There is an open door here.
You closely miss the goblin. You grab the goblin. You constrict the goblin.
You kill the goblin!
The goblin hits you with a +0 club.
You slash the goblin!
You kill the goblin!
You hit the hobgoblin.
You kill the hobgoblin!
You closely miss the goblin. Your grab misses the goblin.
Your squeeze misses the goblin. Robin throws the goblin at you!
You block the goblin's attack. The goblin barely misses you.
The goblin hits you with a +0 dagger.
* * * LOW HITPOINT WARNING * * *
You feel very mighty all of a sudden. Robin throws the goblin at you!
The goblin unwields a +0 hunting sling.
The goblin wields a +0 club.
The goblin closely misses you. The goblin barely misses you.
The goblin hits you with a +3 dagger of venom.
You die...

......g.....# #............
#............ +...(....... .
#...g.)...#.#
#...g.....#..#.#
#..g....#......
#########.g#.......#..##
......g@#.....#.........
......ggggg.............
........#.##..>#........
#########.##..###....... .
#...........###......† ..
..###.<........#...##.##.
#.###..........###...####....
.............[.###..## #....
#.............#....# ##....


You could see Robin, a hobgoblin (strong) and 4 goblins.

Vanquished Creatures
  2 dart slugs
  An endoplasm (D:1)
  9 goblins
  5 hobgoblins
  10 jackals
  3 ball pythons (D:1)
  2 bats (D:1)
  A frilled lizard (D:2)
  3 kobolds
  A rat (D:1)
37 creatures vanquished.

Notes
Turn   | Place    | Note
-------+----------+-------------------------------------------
     0 | D:1      | Dorkslayer the Octopode Fighter began the quest for the
                  | Orb.
     0 | D:1      | Reached XP level 1. HP: 16/16 MP: 1/1
   140 | D:1      | Reached XP level 2. HP: 19/21 MP: 2/2
   257 | D:1      | Found Kutof's Weapon Boutique.
   884 | D:1      | Reached XP level 3. HP: 25/26 MP: 3/3
  1245 | D:2      | Reached skill level 1 in Stealth
  1418 | D:2      | Noticed Robin
  1433 | D:2      | Slain by a goblin

Illustrated notes

Levels and vault maps discovered:
D:1:      kennysheep_arrival_seaside, layout_rooms, serial_shops,
          nicolae_shop_bloodbath_and_beyond
D:2:      layout_rooms, nrook_uturn, uniq_robin

Skill      XL: |  1  2  3 |
---------------+----------+-----
Stealth        | 1 |  1.2
Fighting       | |  3.2
Long Blades    | |  2.3
Throwing       | |  0.6
Dodging        | |  3.4
Shields        | |  3.3
Evocations     | |  0.4

Action                   || total
-------------------------++-------
Melee: Long sword        ||    54
       Constrict         ||    12
       Tentacles         ||     4
Throw: Dart              ||     5
  Use: Potion            ||     1
 Stab: Sleeping          ||     2
Armor: Skin              ||     6
Dodge: Dodged            ||    46
Block: Buckler           ||    10

Table legend: (Time is in decaauts)
 A = Elapsed time spent in this place.
 B = Non-inter-level travel time spent in this place.
 C = Inter-level travel time spent in this place.
 D = Time resting spent in this place.
 E = Time spent auto-exploring this place.
 F = Levels seen in this place.
 G = Mean time per level.
                   A        B        C        D        E       F      G
               +--------+--------+--------+--------+--------+-----+--------+
         Total |   1452 |   1452 |      0 |    677 |    139 |   2 |  726.0 |
       Dungeon |   1452 |   1452 |      0 |    677 |    139 |   2 |  726.0 |
               +--------+--------+--------+--------+--------+-----+--------+

Top non-repeatable levels by time:
     D:1: 1237 daAuts
     D:2: 214 daAuts
